 Dungeon Crawl Stone Soup version 0.26-a0-712-ga5a9c9c9d0 (webtiles) character file.

Game seed: 16293745054213931953

18204 kae the Transmogrifier (level 12, -2/114 HPs)
             Began as a Naga Transmuter on Nov 4, 2020.
             Was the Champion of Cheibriados.
             Slain by Rupert
             ... wielding a +2 vorpal great mace
              (3 damage)
             ... on level 12 of the Dungeon.
             The game lasted 00:12:59 (19162 turns).

kae the Transmogrifier (Naga Transmuter)           Turns: 19162, Time: 00:12:59

Health: -2/114     AC: 10    Str: 31    XL:     12   Next: 56%
Magic:  14/18      EV: 21    Int: 30    God:    Cheibriados [******]
Gold:   753        SH:  5    Dex: 27    Spells: 6/19 levels left

rFire    + . .     SeeInvis +     - Unarmed
rCold    . . .     Faith    .   (shield currently unavailable)
rNeg     . . .     Spirit   .   E - quicksilver dragon scales
rPois    +         Reflect  +   (no helmet)
rElec    .         Harm     .   s - +1 cloak
rCorr    .         Rampage  .   (gloves currently unavailable)
MR       ++...                  (no barding)
Stlth    +.........             d - amulet of reflection
HPRegen  0.29/turn              u - +4 ring of evasion
MPRegen  0.16/turn              l - ring of protection from fire

@: blade hands, very slow
A: large, see invisible, deformed body, poison resistance, slowness 2, spit
poison 1, AC +4
a: Spit Poison, End Transformation, Bend Time, Temporal Distortion, Slouch, Step
From Time, Renounce Religion


You were on level 12 of the Dungeon.
You worshipped Cheibriados.
Cheibriados was exalted by your worship.
You had blades for hands.
You visited 2 branches of the dungeon, and saw 13 of its levels.
You also visited: Ossuary.

You collected 753 gold pieces.

Inventory:

Armour
 s - a +1 cloak (worn)
 A - +0 steam dragon scales
 E - quicksilver dragon scales (worn)
Jewellery
 d - an amulet of reflection (around neck)
 j - an uncursed ring of magical power
 l - a ring of protection from fire (right scythe-like blade)
 p - an uncursed ring of ice
 u - a +4 ring of evasion (left scythe-like blade)
 v - an uncursed ring of ice
 y - a +6 ring of strength {unknown}
 B - an uncursed ring of fire
Wands
 m - a wand of digging (7)
 o - a wand of flame (24)
 t - a wand of disintegration (14)
 w - a wand of acid (2)
 x - a wand of iceblast (9)
 C - a wand of polymorph (7)
Scrolls
 c - 9 scrolls of remove curse
 g - 3 scrolls of identify
 i - 6 scrolls of amnesia
 k - 2 scrolls of teleportation
 q - 5 scrolls of magic mapping
 r - a scroll of blinking
 F - a scroll of immolation {unknown}
Potions
 a - a potion of brilliance {unknown}
 b - 2 potions of berserk rage
 e - 5 potions of flight
 f - 4 potions of curing
 h - 2 potions of lignification
 n - 5 potions of stabbing
 z - a potion of ambrosia
 D - a potion of mutation {unknown}


   Skills:
 - Level 9.0 Fighting
 - Level 9.0 Dodging
 - Level 8.0 Unarmed Combat
 - Level 4.0 Spellcasting
 - Level 10.3 Transmutations
 - Level 4.0 Ice Magic
 - Level 3.0 Poison Magic
 + Level 6.6 Invocations


You had 6 spell levels left.
You knew the following spells:

 Your Spells              Type           Power        Failure   Level
a - Beastly Appendage     Tmut           ######       8%          1
b - Spider Form           Tmut/Pois      #####.....   21%         3
c - Blade Hands           Tmut           ######....   28%         5
d - Ice Form              Ice/Tmut       #####...     32%         4

Your spell library contained the following spells:

 Spells                   Type           Power        Failure   Level
 Wereblood                Tmut           ######..     9%          2
 Passwall                 Tmut/Erth      #####...     19%         2
 Ensorcelled Hibernation  Hex/Ice        ###...       36%         2
 Corona                   Hex            #......      43%         1
 Sandblast                Erth           #.....       43%         1
 Petrify                  Tmut/Erth      #####...     47%         4
 Confusing Touch          Hex            #.......     69%         3
 Dazzling Flash           Conj/Hex       #.....       69%         3
 Gell's Gravitas          Tloc           #.........   69%         3
 Stone Arrow              Conj/Erth      #.....       69%         3
 Tukima's Dance           Hex            #.......     69%         3
 Yara's Violent Unravell  Hex/Tmut       #####.....   73%         5
 Metabolic Englaciation   Hex/Ice        ###.......   96%         5
 Lee's Rapid Deconstruct  Erth           #.........   99%         5


Dungeon Overview and Level Annotations

Branches:
Dungeon (12/15)            Temple (1/1) D:4            Lair (0/6) D:10
Ossuary (visited)
    Orc: D:9-12

Altars:
Ashenzari
Cheibriados
Dithmenos
Elyvilon
Fedhas
Gozag
Hepliaklqana
Kikubaaqudgha
Makhleb
Nemelex Xobeh
Okawaru
Qazlal
Sif Muna
Trog
Uskayaw
Vehumet
Wu Jian
Xom
Yredelemnul
Zin
The Shining One

Shops:
D:7 (

Annotations:
D:12 Rupert


Innate Abilities, Weirdness & Mutations

You cannot wear boots.
Your serpentine skin is tough. (AC +4)
You have supernaturally acute eyesight. (SInv)
Armour fits poorly on your strangely shaped body.
Your system is resistant to poisons. (rPois)
You cover ground very slowly.
You can spit poison.


Message History

Confirm with . or Enter, or press ? or * to list all spells.
Your hands turn into razor-sharp scythe blades.
Rupert hits you with a +2 vorpal great mace!!
Rupert barely misses you.
Rupert hits you with a +2 vorpal great mace!!
You slice Rupert!!
Rupert is lightly wounded.
Rupert barely misses you.
You slice Rupert!!
Rupert is moderately wounded.
Rupert barely misses you.
You completely miss Rupert.
Rupert is moderately wounded.
Rupert hits you with a +2 vorpal great mace!!
* * * LOW HITPOINT WARNING * * *
x2 You slice Rupert!!
You slash Rupert!!
Rupert is heavily wounded.
Rupert hits you with a +2 vorpal great mace!!
* * * LOW HITPOINT WARNING * * *
You die...

#.....#####.####.#.#..####.#
.........(..................#
.####.....####.###.#.#..####.#
. #..##.# #.# #.#.#..# #.#
#..# .# #.# #.#.#..# #.# #.#
#.#.#..# #.# #.####.###.#.#..#
#.# #............#..# #.#
#####.@#######..####.# #.@#
........# ..... #######.##
###.#.# . #<[# #. .#
..#######)# .. .. ..........#
≈≈ ≈≈ ≈≈≈≈≈≈≈8.)# ≈≈≈ ≈≈≈
≈≈≈≈≈≈8≈..# ########'.≈≈..#


You could see Rupert (berserk).

Vanquished Creatures
  A sphinx (D:11)
  A boulder beetle (D:12)
  A death knight (D:11)
  2 two-headed ogres (D:11)
  A deep troll (D:11)
  2 unseen horrors (D:11)
  A phantasmal warrior (D:11)
  An ugly thing (D:11)
  Maggie (D:6)
  2 freezing wraiths (D:12)
  2 trolls
  A hornet (D:11)
  Grinder (D:3)
  3 wyverns
  A wraith (D:12)
  2 shadows (D:11)
  Eustachio (D:5)
  A steam dragon (D:10)
  16 yaks
  Edmund (D:6)
  An acid dragon (D:11)
  A water moccasin (D:9)
  2 black bears (D:7)
  6 ice beasts
  12 orc warriors
  2 sky beasts
  An eye of draining (D:11)
  4 ogres
  5 centaurs
  4 bullfrogs
  A big kobold (D:8)
  A gnoll sergeant (D:9)
  2 wyvern zombies
  A scorpion (D:6)
  3 killer bees (D:11)
  6 electric eels
  4 howler monkeys
  3 quasits (D:10)
  A bullfrog zombie (D:8)
  A centaur zombie (D:11)
  15 orc priests
  15 orc wizards
  5 hounds
  5 jellies
  3 bullfrog skeletons
  Ijyb (D:3)
  Terence (D:3)
  3 iguanas
  3 worker ants
  4 big kobold zombies (Ossuary)
  2 hound skeletons
  2 mummies
  A howler monkey zombie (D:3)
  A worker ant zombie (D:5)
  Robin (D:3)
  3 gnolls (D:9)
  7 adders
  3 shadow imps
  3 white imps
  2 oozes
  An adder zombie (D:7)
  2 adder skeletons
  4 worms
  10 leopard geckos
  75 orcs
  3 spectral bats (Ossuary)
  3 bats
  5 giant cockroaches
  8 gnoll zombies (Ossuary)
  18 goblins
  11 hobgoblins
  8 jackals
  7 quokkas
  5 bat simulacra (Ossuary)
  8 frilled lizards
  3 goblin simulacra (Ossuary)
  6 goblin zombies
  6 hobgoblin zombies (Ossuary)
  12 kobolds
  3 kobold simulacra (Ossuary)
  5 kobold zombies (Ossuary)
  A leopard gecko zombie (D:5)
  3 orc zombies
  11 rats
  4 rat simulacra (Ossuary)
  3 spectral goblins (Ossuary)
  2 spectral kobolds (Ossuary)
  3 spectral rats (Ossuary)
413 creatures vanquished.

Vanquished Creatures (others)
  A wyvern skeleton (D:6)
  An orc wizard (D:6)
  80 plants
82 creatures vanquished.

Grand Total: 495 creatures vanquished

Notes
Turn   | Place    | Note
-------+----------+-------------------------------------------
     0 | D:1      | kae the Naga Transmuter began the quest for the Orb.
     0 | D:1      | Reached XP level 1. HP: 18/18 MP: 3/3
    92 | D:1      | Reached XP level 2. HP: 22/25 MP: 3/5
   885 | D:1      | Reached skill level 3 in Transmutations
   918 | D:1      | Reached XP level 3. HP: 27/31 MP: 4/6
   923 | D:1      | Learned a level 3 spell: Spider Form
  2045 | D:2      | Reached skill level 1 in Poison Magic
  2347 | D:2      | Reached XP level 4. HP: 35/38 MP: 2/7
  3783 | D:3      | Noticed Grinder
  3792 | D:3      | Killed Grinder
  3792 | D:3      | Reached skill level 4 in Transmutations
  3792 | D:3      | Reached XP level 5. HP: 44/44 MP: 4/9
  3792 | D:3      | Reached XP level 6. HP: 51/51 MP: 4/10
  3959 | D:3      | Reached skill level 5 in Transmutations
  4242 | D:3      | Noticed Terence
  4261 | D:3      | Noticed Ijyb
  4262 | D:3      | Killed Terence
  4273 | D:3      | Killed Ijyb
  4502 | D:3      | Reached XP level 7. HP: 57/57 MP: 5/11
  4505 | D:3      | Identified the cursed +0 helmet of Precision Catastrophes
                  | {rF++}
  4505 | D:3      | Noticed Robin
  4514 | D:3      | Killed Robin
  4995 | D:4      | Found a staircase to the Ecumenical Temple.
  5002 | Temple   | Entered the Ecumenical Temple
  5202 | Temple   | Became a worshipper of Cheibriados the Contemplative
  5592 | D:4      | Found a sparkling altar of Nemelex Xobeh.
  6062 | D:5      | Entered Level 5 of the Dungeon
  6073 | D:5      | Reached skill level 6 in Transmutations
  6180 | D:5      | Reached * piety under Cheibriados
  6208 | D:5      | Noticed Eustachio
  6227 | D:5      | Killed Eustachio
  6227 | D:5      | Reached skill level 5 in Unarmed Combat
  6532 | D:5      | Reached XP level 8. HP: 64/64 MP: 9/13
  6727 | D:5      | Found a blossoming altar of Fedhas.
  6727 | D:5      | Found a basalt altar of Yredelemnul.
  6860 | D:5      | Found a faded altar of an unknown god.
  6860 | D:5      | Found a white marble altar of Elyvilon.
  6865 | D:5      | Found a faded altar of an unknown god.
  6890 | D:5      | Found a stormy altar of Qazlal.
  6891 | D:5      | Found an opulent altar of Gozag.
  7210 | D:6      | Reached skill level 7 in Transmutations
  7216 | D:6      | Found a sand-covered staircase.
  7420 | Ossuary  | Entered an ossuary
  7482 | Ossuary  | Learned a level 5 spell: Blade Hands
  7487 | Ossuary  | Learned a level 4 spell: Ice Form
  7522 | Ossuary  | Reached ** piety under Cheibriados
  7853 | Ossuary  | Reached *** piety under Cheibriados
  8130 | Ossuary  | Reached skill level 1 in Ice Magic
  8336 | D:6      | Reached skill level 8 in Transmutations
  8427 | D:6      | Reached **** piety under Cheibriados
  8618 | D:6      | Reached XP level 9. HP: 58/70 MP: 11/15
  8673 | D:6      | Noticed Edmund
  8823 | D:6      | Killed Edmund
  9754 | D:6      | Noticed Maggie
  9764 | D:6      | Killed Maggie
  9764 | D:6      | Reached skill level 9 in Transmutations
 11269 | D:7      | Reached ***** piety under Cheibriados
 11528 | D:7      | Found a broken altar of Ashenzari.
 11584 | D:7      | Reached skill level 10 in Transmutations
 11679 | D:7      | Found Wyjuh's Weapon Boutique.
 11923 | D:8      | Reached XP level 10. HP: 56/78 MP: 12/16
 12086 | D:8      | Found an ornate altar of the Wu Jian Council.
 13551 | D:9      | Found an ancient bone altar of Kikubaaqudgha.
 14248 | D:9      | Found an ancient bone altar of Kikubaaqudgha.
 14499 | D:10     | Entered Level 10 of the Dungeon
 14727 | D:10     | Reached skill level 5 in Fighting
 14741 | D:10     | Reached skill level 5 in Dodging
 14878 | D:10     | Reached XP level 11. HP: 97/97 MP: 15/17
 15201 | D:10     | Found a staircase to the Lair.
 15379 | D:10     | Reached ****** piety under Cheibriados
 15520 | D:10     | Identified the +1 short sword of Poverty {drain, Int+2}
 15994 | D:11     | Noticed a purple ugly thing
 16000 | D:11     | Killed a purple ugly thing
 16202 | D:11     | Noticed a sphinx
 16203 | D:11     | Noticed a deep troll
 16206 | D:11     | Killed a sphinx
 16209 | D:11     | Killed a deep troll
 16512 | D:11     | Found a burning altar of Makhleb.
 16515 | D:11     | Found a blossoming altar of Fedhas.
 16516 | D:11     | Noticed an unseen horror
 16523 | D:11     | Killed an unseen horror
 16568 | D:11     | Noticed a two-headed ogre
 16574 | D:11     | Killed a two-headed ogre
 16574 | D:11     | Reached XP level 12. HP: 114/114 MP: 15/18
 16756 | D:11     | Noticed a two-headed ogre
 16768 | D:11     | Killed a two-headed ogre
 16768 | D:11     | Reached skill level 1 in Invocations
 17237 | D:12     | Noticed a death knight
 17610 | D:11     | Found a burning altar of Makhleb.
 17613 | D:11     | Found a blossoming altar of Fedhas.
 17981 | D:11     | Killed a death knight
 18550 | D:12     | Reached skill level 5 in Invocations
 19006 | D:12     | Noticed a boulder beetle
 19014 | D:12     | Killed a boulder beetle
 19154 | D:12     | Noticed Rupert
 19162 | D:12     | HP: 1/114 [Rupert/+2 vorpal great mace (27)]
 19162 | D:12     | Slain by Rupert

Illustrated notes

Levels and vault maps discovered:
D:1:      dpeg_arrival_ratfight, layout_loops_ring, serial_forest,
          infiniplex_forest_clump_long, infiniplex_forest_corner_1,
          infiniplex_forest_end_3, infiniplex_forest_clump_long,
          infiniplex_forest_straight_2, infiniplex_forest_corner_1,
          infiniplex_forest_lined_ring, infiniplex_forest_clump_large,
          infiniplex_forest_lined_3
D:2:      minmay_thinvault, layout_basic
D:3:      layout_loops_cross, hangedman_decor_push, uniq_terence, uniq_robin,
          uniq_ijyb, uniq_grinder
D:4:      layout_loops_cross, old_standard_altar, minmay_temple_entry_grid
D:5:      layout_gridville, chequers_temple_overflow_minitemple,
          chequers_temple_overflow_statue_of_worship, uniq_eustachio
D:6:      layout_loops_cross, nicolae_ossuary_entry_giza, serial_bayou,
          serial_bayou_pond_b, serial_bayou_crossing, serial_bayou_lagoon_b,
          serial_bayou_lagoon_a, uniq_maggie, uniq_edmund
D:7:      layout_basic, lemuel_crystal_altar, serial_shops, shop
D:8:      layout_rooms, kennysheep_little_box
D:9:      layout_irregular_city, kennysheep_mini
D:10:     layout_loops_cross, lair_entry_dummy
D:11:     layout_roguey, jmf_multi_god_temple
D:12:     layout_loops_ring, erik_orc_2, serial_shops,
          nicolae_shop_overgrown_old_shop, uniq_rupert
Temple:   nicolae_temple_figure_eight

Skill      XL: |  1  2  3  4  5  6  7  8  9 10 11 12 |
---------------+-------------------------------------+-----
Transmutations | 3 4 5 6 8 10 | 10.3
Poison Magic   | 1 3 |  3.0
Unarmed Combat | 4 5 6 7 8 |  8.0
Spellcasting   | 3 4 |  4.0
Ice Magic      | 2 4 |  4.0
Dodging        | 5 8 9 |  9.0
Fighting       | 5 9 |  9.0
Invocations    | 6 |  6.6

Action                   |  1- 3 |  4- 6 |  7- 9 | 10-12 || total
-------------------------+-------+-------+-------+-------++-------
Melee: Unarmed           |    89 |    93 |   424 |   370 ||   976
       Headbutt          |     7 |     2 |     8 |       ||    17
       Punch             |     2 |       |     5 |    16 ||    23
 Cast: Beastly Appendage |    30 |     5 |    10 |       ||    45
       Spider Form       |     1 |     9 |    40 |       ||    50
       Blade Hands       |       |       |     5 |    26 ||    31
       Ice Form          |       |       |    11 |    25 ||    36
 Abil: Spit Poison       |    29 |     8 |    24 |     3 ||    64
  Use: Scroll            |       |    11 |     6 |     6 ||    23
       Potion            |       |     4 |     1 |     1 ||     6
 Stab: Sleeping          |     1 |       |     5 |     1 ||     7
       Distracted        |       |       |       |     1 ||     1
Armor: Robe              |    14 |     6 |    57 |     8 ||    85
       Skin              |       |     2 |    18 |    25 ||    45
       Steam dragon scal |       |       |       |    30 ||    30
       Quicksilver drago |       |       |       |     6 ||     6
Dodge: Dodged            |    70 |    61 |   357 |   311 ||   799
Block: Other             |       |       |       |    76 ||    76
       Reflection        |       |       |       |     2 ||     2

Table legend: (Time is in decaauts)
 A = Elapsed time spent in this place.
 B = Non-inter-level travel time spent in this place.
 C = Inter-level travel time spent in this place.
 D = Time resting spent in this place.
 E = Time spent auto-exploring this place.
 F = Levels seen in this place.
 G = Mean time per level.
                   A        B        C        D        E       F      G
               +--------+--------+--------+--------+--------+-----+--------+
         Total |  28025 |  26890 |   1135 |   2484 |  21450 |  14 | 2001.8 |
       Dungeon |  26695 |  25640 |   1055 |   2433 |  20549 |  12 | 2224.6 |
        Temple |    302 |    222 |     80 |      0 |    220 |   1 |  302.0 |
       Ossuary |   1027 |   1027 |      0 |     51 |    680 |   1 | 1027.0 |
               +--------+--------+--------+--------+--------+-----+--------+

Top non-repeatable levels by time:
    D:11: 4569 daAuts
     D:6: 4227 daAuts
     D:9: 3283 daAuts
     D:2: 2853 daAuts
    D:10: 2392 daAuts
     D:5: 1577 daAuts
     D:1: 1573 daAuts
     D:3: 1452 daAuts
     D:8: 1451 daAuts
     D:7: 1402 daAuts
     D:4: 1306 daAuts
 Ossuary: 1027 daAuts
    D:12: 605 daAuts
  Temple: 302 daAuts
